 Dungeon Crawl Stone Soup version 0.18.1-48-g4cf74bf (webtiles) character file.

13936 OTRawrior the Thaumaturge (level 12, 0/69 HPs)
             Began as a Gargoyle Earth Elementalist on Aug 13, 2016.
             Was a Priest of Vehumet.
             Slain by a wolf (7 damage)
             ... on level 2 of the Lair of Beasts.
             The game lasted 00:50:38 (15475 turns).

OTRawrior the Thaumaturge (GrEE)                   Turns: 15475, Time: 00:50:38

Health: 0/69       AC: 13    Str: 11    XL:     12   Next: 11%
Magic:  16/25      EV: 13    Int: 24    God:    Vehumet [***...]
Gold:   292        SH:  6    Dex: 10    Spells: 3 memorised, 20 levels left

rFire  + + .     SeeInvis .     U - +1 morningstar (flame)
rCold  . . .     Gourm    .     P - +1 robe {rF+}
rNeg   + . .     Faith    .     H - +1 buckler
rPois  ∞         Spirit   .     (no helmet)
rElec  +         Dismiss  .     (no cloak)
rCorr  .         Reflect  .     v - +0 pair of gloves
SustAt .         Harm     .     (no boots)
MR     .....                    E - amulet of Xoroly {RegenMP Int+2}
Stlth  ++........               n - ring of flight
                                y - ring of protection from fire

@: not resistant to hostile enchantments, unstealthy
A: negative energy resistance 1, electricity resistance, unbreathing,
petrification resistance, rot immunity, AC +8
a: Renounce Religion, Evoke Flight


You were on level 2 of the Lair of Beasts.
You worshipped Vehumet.
Vehumet was most pleased with you.
You were hungry.

You visited 3 branches of the dungeon, and saw 13 of its levels.
You also visited: Ice Cave and Volcano.

You collected 715 gold pieces.
You spent 423 gold pieces at shops.

Inventory:

Hand Weapons
 T - a +1 flail of holy wrath
 U - a +1 morningstar of flaming (weapon)
Missiles
 e - 368 stones (quivered)
Armour
 v - a +0 pair of gloves (worn)
 H - a +1 buckler (worn)
 P - a +1 robe of fire resistance (worn)
Jewellery
 n - a ring of flight (right hand)
 y - a ring of protection from fire (left hand)
 z - an uncursed amulet of dismissal
 E - the amulet of Xoroly (around neck) {RegenMP Int+2}
   (You found it on level 5 of the Dungeon)

   [amulet of magic regeneration]

   It increases your magic regeneration.
   It affects your intelligence (+2).
 Z - an uncursed ring of protection from magic
Wands
 k - a wand of teleportation (2/9)
 s - a wand of polymorph (13/24)
 J - a wand of paralysis (5/24)
 N - a wand of iceblast (8/15)
 V - a wand of paralysis (9/24)
Scrolls
 b - 3 scrolls of remove curse
 f - 4 scrolls of identify
 g - 2 scrolls of fog
 h - 5 scrolls of enchant weapon {unknown}
 i - 2 scrolls of magic mapping
 t - 7 scrolls of random uselessness {unknown}
 u - a scroll of enchant armour
 D - 2 scrolls of noise {unknown}
 F - 3 scrolls of blinking {unknown}
 G - a scroll of recharging {unknown}
 K - 2 scrolls of amnesia {unknown}
 O - 2 scrolls of immolation {unknown}
 S - a scroll of teleportation {unknown}
Potions
 j - a potion of cancellation {unknown}
 l - a potion of ambrosia {unknown}
 m - a potion of might {unknown}
 o - a potion of heal wounds {unknown}
 p - a potion of haste
 r - 4 potions of magic {unknown}
 w - 3 potions of invisibility {unknown}
 x - 3 potions of agility
 B - a potion of resistance {unknown}
 I - a potion of mutation {unknown}
 L - 2 potions of lignification {unknown}
 M - a potion of cure mutation {unknown}
 X - a potion of degeneration {unknown}
 Y - 4 potions of berserk rage {unknown}
Books
 c - a book of Geomancy

   Spells                             Type                      Level
   a - Sandblast                      Earth                        1
   b - Passwall                       Transmutation/Earth          2
   c - Stone Arrow                    Conjuration/Earth            3
   d - Petrify                        Transmutation/Earth          4
   e - Lee's Rapid Deconstruction     Earth                        5
 Q - a book of Necromancy

   Spells                             Type                      Level
   a - Pain                           Necromancy                   1
   b - Animate Skeleton               Necromancy                   1
   c - Vampiric Draining              Necromancy                   3
   d - Regeneration                   Charms/Necromancy            3
   e - Animate Dead                   Necromancy                   4
   f - Control Undead                 Necromancy                   4
Comestibles
 a - 6 chunks of flesh
 d - 7 bread rations
 q - 5 fruits
 A - a meat ration
 R - 9 slices of pizza


   Skills:
 + Level 5.9 Fighting
 + Level 5.9 Maces & Flails
 + Level 6.0 Armour
 + Level 4.9 Dodging
 - Level 2.1 Stealth
 + Level 6.0 Shields
 * Level 9.1 Spellcasting
 + Level 7.3 Conjurations
   Level 0.7 Transmutations
 + Level 8.7 Earth Magic
 + Level 4.8 Evocations


You had 20 spell levels left.
You knew the following spells:

 Your Spells              Type           Power        Failure   Level  Hunger
a - Sandblast             Erth           ######       1%          1    None
b - Stone Arrow           Conj/Erth      #####.       1%          3    None
c - Lee's Rapid Deconstr  Erth           ######....   1%          5    ####...


Dungeon Overview and Level Annotations

Branches:
Dungeon (10/15)            Temple (1/1) D:7            Lair (2/8) D:10
    Orc (0/2) D:10

Altars:
Ashenzari
Cheibriados
Elyvilon
Fedhas
Gozag
Nemelex Xobeh
Okawaru
Pakellas
Ru
Trog
Vehumet
Xom
Yredelemnul
Zin
The Shining One

Shops:
D:5 (   D:6 [   D:7 [   D:8 :   D:10 [


Innate Abilities, Weirdness & Mutations

You are resistant to torment.
Your stone body is resilient (AC +8).
You are immune to poison.
You resist negative energy.
You are resistant to electric shocks.
You can survive without breathing.
You are immune to petrification.
You are immune to rotting.


Message History

The blast of rock fragments hits the wolf.
The wolf is severely wounded.
You are feeling hungry.
The wolf bites you but does no damage. x3
The wolf closely misses you. The wolf bites you.
* * * LOW HITPOINT WARNING * * *
You block the wolf's attack. The wolf barely misses you.
There is an ice covered gate leading back out of this place here.
The wolf bites you but does no damage. You block the wolf's attack.
The wolf bites you but does no damage.
Welcome back to the Lair of Beasts!
There is a collapsed entrance here.
Evoke which item? (* to show all) (? for menu, Esc to quit)
Zapping:
J - a wand of paralysis {zapped: 5} (will waste charges)
Press: ? - help, Shift-Dir - straight line, f - wolf
Aim: a wolf (chance to defeat MR: 56%)
The wolf suddenly stops moving!
Evoking this partially-identified wand wasted a few charges.
The wolf bites you!
You die...

,,,,*,,,,...........†..###.....##
,,,,,*,,,,#.......†...##..#.+##$.
,,,,,,,,,##........†.....##...*,h
,,,,,****#.>.......†...........*,
,,,,,* #.........#.#####⌠.>.⌠.#
,,,,** ##..........#.#,......#.
,,,,* #......#.........#.⌠.##,
,,,** ##..............,****,,,
,,** #...#h@.#.....<,,* *,,, *,*
*****#......h..P.##.,** *,,*
,,****,,,..#....#..#......,* ***,
,,,**,,,................,,,* *,,
,,,,,,,,.......###.#....,,** ***,
,,,,,,,,,......* *##....,** *,,,
,,,,,,,,,..####* **#..*,* ***,
*,,,,,,,,##* *##*** **
*****,,**,*


You could see 2 wolves.

Vanquished Creatures
  A hydra (Lair:1)
  An ogre mage (Volcano)
  Nergalle (Lair:1)
  Joseph (D:7)
  A black mamba (Lair:1)
  A gargoyle (D:10)
  6 spiny frogs
  A polar bear (Lair:2)
  A troll (D:9)
  3 two-headed ogres
  Grinder (D:3)
  12 yaks (D:10)
  A wyvern (Lair:2)
  A hungry ghost (D:9)
  A hippogriff (D:10)
  3 wargs
  Menkaure (D:7)
  A water moccasin (Lair:2)
  4 orc warriors
  An eye of draining (D:4)
  3 ice beasts
  4 sky beasts
  2 black bears
  9 ogres
  A wolf (IceCv)
  5 phantoms
  2 crocodiles (Lair:1)
  2 centaurs
  10 giant frogs
  2 scorpions
  7 killer bees
  4 crimson imps
  A centaur zombie (D:8)
  8 hounds
  2 giant frog zombies
  6 orc priests
  3 jellies
  A giant frog skeleton (D:7)
  2 centaur skeletons
  Ijyb (D:2)
  4 orc wizards
  4 iguanas
  9 worker ants
  2 hound zombies
  Robin (D:2)
  A worker ant zombie (D:5)
  5 gnolls
  8 adders
  11 river rats
  3 shadow imps
  An ooze (D:4)
  2 adder skeletons
  4 worms
  A dart slug (D:2)
  4 giant geckos
  30 orcs
  3 giant cockroaches (D:2)
  11 goblins
  14 hobgoblins
  3 jackals (D:2)
  6 kobolds
  7 quokkas
  A ball python (D:4)
  8 bats
  A giant gecko skeleton (D:5)
  6 giant newts
  A jackal skeleton (D:4)
  2 quokka skeletons
  4 rats (D:2)
275 creatures vanquished.

Notes
Turn   | Place    | Note
--------------------------------------------------------------
     0 | D:1      | OTRawrior the Gargoyle Earth Elementalist began the quest for the Orb.
     0 | D:1      | Reached XP level 1. HP: 10/10 MP: 3/3
  1036 | D:2      | Reached XP level 2. HP: 15/15 MP: 1/5
  1279 | D:2      | Noticed Ijyb
  1294 | D:2      | Killed Ijyb
  1294 | D:2      | Reached skill level 3 in Spellcasting
  1294 | D:2      | Reached XP level 3. HP: 11/19 MP: 0/7
  1368 | D:2      | Learned a level 3 spell: Stone Arrow
  1488 | D:2      | Reached XP level 4. HP: 23/24 MP: 1/9
  1904 | D:2      | Reached skill level 1 in Conjurations
  1907 | D:2      | Noticed Robin
  2037 | D:2      | Killed Robin
  2037 | D:2      | Reached XP level 5. HP: 15/28 MP: 6/10
  2089 | D:2      | Reached skill level 4 in Spellcasting
  2561 | D:3      | Found an opulent altar of Gozag.
  3092 | D:3      | Reached skill level 5 in Earth Magic
  3155 | D:3      | Reached XP level 6. HP: 30/32 MP: 12/12
  3334 | D:3      | Noticed Grinder
  3350 | D:3      | Killed Grinder
  3350 | D:3      | Reached skill level 5 in Spellcasting
  3718 | D:3      | Reached XP level 7. HP: 25/36 MP: 11/14
  3835 | D:4      | Learned a level 5 spell: Lee's Rapid Deconstruction
  4212 | D:4      | Reached skill level 1 in Fighting
  4212 | D:4      | Reached skill level 1 in Armour
  4218 | D:4      | Found a shattered altar of Ashenzari.
  4218 | D:4      | Found a snail-covered altar of Cheibriados.
  4224 | D:4      | Reached skill level 1 in Maces & Flails
  4224 | D:4      | Reached skill level 1 in Evocations
  4224 | D:4      | Reached XP level 8. HP: 43/43 MP: 6/16
  4316 | D:4      | Found a sparkling altar of Nemelex Xobeh.
  4864 | D:4      | Reached skill level 6 in Spellcasting
  4997 | D:4      | Found a bloodstained altar of Trog.
  5298 | D:5      | Entered Level 5 of the Dungeon
  5747 | D:5      | Got a wavering bronze amulet
  5748 | D:5      | Identified the amulet of Xoroly {RegenMP Int+2} (You found it on level 5 of the Dungeon)
  6198 | D:5      | Found Viuthren's Antique Weapon Emporium.
  6371 | D:6      | Found Gyntol's Antique Armour Boutique.
  6406 | D:6      | Bought a fabulously ornate robe for 153 gold pieces
  6406 | D:6      | Bought a buckler for 121 gold pieces
  6406 | D:6      | Identified the cursed +1 robe of Yrghiss {Str+4} (You bought it in a shop on level 6 of the Dungeon)
  6597 | D:6      | Found a glowing silver altar of Zin.
  6597 | D:6      | Noticed an angel
  6780 | D:6      | Reached XP level 9. HP: 43/49 MP: 13/18
  6955 | D:6      | Found a blossoming altar of Fedhas.
  7060 | D:6      | Noticed a hill giant
  7088 | D:6      | Reached skill level 1 in Shields
  7211 | D:6      | Found an oddly glowing altar of Pakellas.
  7215 | D:6      | Found a glowing golden altar of the Shining One.
  7825 | D:7      | Found Siosaneot's Armour Shop.
  8077 | D:7      | Found a sparkling altar of Nemelex Xobeh.
  8088 | D:7      | Found a staircase to the Ecumenical Temple.
  8095 | Temple   | Entered the Ecumenical Temple
  8112 | Temple   | Became a worshipper of Vehumet
  8133 | D:7      | Noticed Menkaure
  8135 | D:7      | Killed Menkaure
  8195 | D:7      | Reached skill level 5 in Conjurations
  8349 | D:7      | Noticed Joseph
  8858 | D:8      | Found Lodobo's Book Shoppe.
  8877 | D:8      | Reached skill level 7 in Spellcasting
  9791 | D:8      | Reached * piety under Vehumet
  9791 | D:8      | Offered knowledge of Shock by Vehumet.
  9943 | D:7      | Killed Joseph
  9943 | D:7      | Reached XP level 10. HP: 27/56 MP: 1/20
 10475 | D:9      | Found an iron altar of Okawaru.
 11683 | D:8      | Found a white marble altar of Elyvilon.
 11777 | D:10     | Entered Level 10 of the Dungeon
 11857 | D:10     | Found a staircase to the Lair.
 12290 | D:10     | Reached skill level 8 in Spellcasting
 12293 | D:10     | Reached ** piety under Vehumet
 12293 | D:10     | Reached XP level 11. HP: 6/62 MP: 23/23
 12359 | D:10     | Offered knowledge of Throw Frost by Vehumet.
 13066 | D:10     | Reached skill level 5 in Armour
 13080 | D:10     | Reached skill level 5 in Fighting
 13080 | D:10     | Reached skill level 5 in Maces & Flails
 13186 | D:10     | Found Efoisies's Armour Shoppe.
 13189 | D:10     | Found a staircase to the Orcish Mines.
 13283 | D:10     | Bought a +0 buckler of protection for 149 gold pieces
 13635 | Lair:1   | Entered Level 1 of the Lair of Beasts
 13657 | Lair:1   | Found a dark tunnel.
 13667 | Lair:1   | Reached skill level 5 in Shields
 13682 | Volcano  | Entered a volcano
 13706 | Volcano  | Found a bloodstained altar of Trog.
 13708 | Volcano  | Noticed an ogre mage
 13728 | Volcano  | Offered knowledge of Mephitic Cloud by Vehumet.
 13729 | Volcano  | Killed an ogre mage
 14081 | Lair:1   | Noticed a four-headed hydra
 14085 | Lair:1   | Killed a four-headed hydra
 14279 | Lair:1   | Reached *** piety under Vehumet
 14285 | Lair:1   | Noticed Nergalle
 14717 | Lair:1   | Killed Nergalle
 15176 | Lair:1   | You fall through a shaft!
 15187 | Lair:2   | Reached skill level 9 in Spellcasting
 15187 | Lair:2   | Reached XP level 12. HP: 24/69 MP: 3/25
 15416 | Lair:2   | Found a frozen archway.
 15445 | IceCv    | Entered an ice cave
 15475 | Lair:2   | Slain by a wolf

Skill      XL: |  1  2  3  4  5  6  7  8  9 10 11 12 |
---------------+-------------------------------------+-----
Spellcasting   | 3 4 5 6 7 8 9 |  9.1
Earth Magic    | 4 5 6 7 8 |  8.7
Conjurations   | 1 2 3 4 5 6 7 |  7.3
Fighting       | 1 2 3 4 5 |  5.9
Armour         | 1 2 3 4 5 6 |  6.0
Maces & Flails | 1 2 3 4 5 |  5.9
Dodging        | 2 3 4 |  4.9
Evocations     | 1 2 3 4 |  4.8
Shields        | 2 4 5 6 |  6.0
Stealth        | |  2.1
Transmutations | |  0.7

Action                   |  1- 3 |  4- 6 |  7- 9 | 10-12 || total
-------------------------+-------+-------+-------+-------++-------
Melee: Short sword       |     8 |       |       |       ||     8
       Mace              |    18 |    82 |    78 |     3 ||   181
       Flail             |       |       |    67 |    59 ||   126
       Morningstar       |       |       |       |    76 ||    76
 Cast: Sandblast         |    32 |    87 |   207 |    98 ||   424
       Stone Arrow       |       |       |    37 |   136 ||   173
       Lee's Rapid Decon |       |       |    30 |    32 ||    62
 Abil: Evoke Flight      |       |       |       |     1 ||     1
Evoke: Wand              |       |       |       |    11 ||    11
  Use: Scroll            |       |     3 |     3 |     8 ||    14
       Potion            |       |       |     1 |     3 ||     4
 Stab: Sleeping          |       |     3 |       |       ||     3
  Eat: Chunk             |     2 |     7 |    14 |    19 ||    42
       Beef jerky        |       |       |     3 |       ||     3
       Bread ration      |       |       |     2 |       ||     2
       Fruit             |       |       |     1 |     1 ||     2
       Pizza             |       |       |     1 |       ||     1
       Meat ration       |       |       |       |     1 ||     1
Armor: Robe              |    13 |    56 |    98 |   117 ||   284
Dodge: Dodged            |    29 |   106 |   179 |   219 ||   533
Block: Buckler           |       |       |       |    19 ||    19
